[Event "GER-ch Youth-ODJM 2022 A"]
[Site "Willingen"]
[Date "2022.06.08"]
[Round "5.13"]
[White "Frohnhäuser, Simon"]
[Black "Garbuz, Vitaly"]
[Result "0-1"]
[ECO "B35"]
[WhiteElo "1944"]
[BlackElo "2134"]
[Annotator "TA"]
[PlyCount "128"]
[EventDate "2022.06.05"]
[EventType "swiss"]
[EventRounds "9"]
[EventCountry "GER"]
[SourceTitle "playchess.com"]
[Source "ChessBase"]
[SourceQuality "1"]
[TimeControl "40/4500+30:900+30"]

1. e4 c5 2. Nf3 Nc6 3. d4 cxd4 4. Nxd4 g6 5. Nc3 Bg7 6. Be3 Nf6 7. Bc4 O-O 8. Bb3 Re8 {[%emt 0:00:00] B35: Sicilian: Accelerated Dragon with 5 Nc3: main line.} 9. f3 e6 10. Qd2 (10. f4 {seems wilder.} Ng4 11. Bg1 h5 12. Qd2) 10... d5 {[%emt 0:00:00] White is slightly better.} 11. exd5 Nxd5 12. Nxd5 exd5 (12... Nxd4 $15 13. Nc3 b6) 13. O-O-O $14 Na5 14. Rhe1 {[%emt 0:10:26] [#]} Nxb3+ $146 ({Predecessor:} 14... Be6 15. Kb1 Nxb3 16. Nxb3 b6 17. Bd4 f6 18. Bc3 a5 19. Nd4 Bd7 20. Ne2 Be6 {½-½ (58) Meister,J (2416)-Malmdin,N (2150) Prague 2021}) 15. Nxb3 (15. axb3 Bd7 $11) 15... Bf5 (15... Qf6 16. Bd4 Qd8 17. Rxe8+ Qxe8 18. Bxg7 Kxg7 19. Qd4+ (19. Qxd5 Qe3+ 20. Kb1 Be6 $16) 19... Kg8 20. Qxd5 $16) 16. g4 Be6 (16... Qf6 $2 17. Bd4 Qh4 18. gxf5 $18) 17. Bd4 Rc8 18. Bxg7 Kxg7 19. Qd4+ Kg8 20. Qf4 Qh4 21. Nd4 Rc4 22. Kb1 h5 (22... Rcc8 $16) 23. Re2 hxg4 24. fxg4 Rec8 25. Rg2 Re8 26. Qe5 $2 (26. b3 $16 Rcc8 27. Rf1) 26... Qh8 ({Better is} 26... Bd7 $1 $15 27. Qxd5 Re1) 27. Qxh8+ Kxh8 28. Re2 Kg7 29. h3 {[%emt 0:02:39] [#]} (29. g5 $14) 29... Rh8 (29... Bxg4 $1 $15 30. Rxe8 (30. hxg4 Rxd4 31. Rxd4 Rxe2 $17) 30... Bxd1) 30. Rd3 $2 {[%emt 0:03:45] [#]} (30. b3 $16 {stays on course.} Rxd4 31. Rxd4) 30... Bxg4 $1 $17 31. Ree3 Bd7 32. b3 Rb4 33. a3 Rb6 34. Kb2 Rf6 35. Rg3 (35. Rc3 $17 {was necessary.}) 35... Rf2 36. Rc3 Rf4 (36... Rc8 $142 37. Rxc8 Bxc8) 37. Rc7 Bc8 ({Much less strong is} 37... Rxd4 38. Rxd7 Rf4 39. Rxb7 $14) ({Don't play} 37... Bxh3 $6 38. Rxh3 $1 Rxd4 39. Rxh8 Kxh8 40. Kc3 $11 (40. Rxb7 Kg7 $11) (40. Rxf7 g5 $11)) 38. Nb5 Rxh3 ({Inferior is} 38... Bxh3 39. Rxb7 a6 40. Nc7 $11) 39. Rg5 Be6 40. Rxb7 {[%emt 0:00:50] [#]} Kh6 (40... d4 $1 $17 {[%cal Rd4d3] Strongly threatening ...d3.} 41. Nc7 Bf5) 41. Rg2 d4 {[%emt 0:27:02] White must now prevent ...Bd5.} 42. Rxa7 d3 {[%emt 0:00:00] Threatens to win with ...dxc2.} 43. cxd3 (43. Ra8 $11 {and White is okay.}) 43... Rxd3 $19 44. Nc3 g5 45. Ra8 g4 46. Rg8 f6 47. Re8 Bd7 48. Rh8+ (48. Re1 $17 {is a better defense.}) 48... Kg7 49. Rd8 f5 50. Ne2 Rff3 51. Nc1 Rd5 52. Re2 $2 (52. a4) 52... Kf7 53. Rh2 Rh3 {[%emt 0:00:00] Against Rh7+} 54. Rc2 f4 55. Ne2 Rf3 {[%emt 0:00:00] ...Rf2 is the strong threat.} 56. Nc3 Rdd3 {[%emt 0:00:00] aiming for ...Bf5.} 57. Rh2 (57. Ne4 $142 Rxb3+ 58. Kc1) 57... Ke7 58. Rdh8 Rxc3 59. R2h7+ Ke6 60. Rh6+ Ke5 61. Rh5+ Ke4 62. Rb8 Rcd3 63. Ra8 Rd2+ 64. Kc1 Rg2 {[%emt 0:00:00] Quite a comeback for Black.  Weighted Error Value: White=0.83/Black=0.43} (64... Re2 $142 65. Rh1 g3 66. Rah8 g2 67. Rd1 Rf1 68. Rg8 f3 69. Rg7 Be6 70. Rg3 Bxb3 71. Rg4+ Ke3 72. Rgd4 Bxd1 73. Rxd1 Rxd1+ 74. Kxd1 g1=Q#) 0-1

[Event "GER-ch Youth-ODJM 2022 A"]
[Site "Willingen"]
[Date "2022.06.08"]
[Round "5.14"]
[White "Kracht, Raphael"]
[Black "Fuchs, Florian"]
[Result "1-0"]
[ECO "B21"]
[WhiteElo "2086"]
[BlackElo "2320"]
[Annotator "TA"]
[PlyCount "59"]
[EventDate "2022.06.05"]
[EventType "swiss"]
[EventRounds "9"]
[EventCountry "GER"]
[SourceTitle "playchess.com"]
[Source "ChessBase"]
[SourceQuality "1"]
[TimeControl "40/4500+30:900+30"]

1. e4 c5 2. d4 cxd4 3. c3 e5 4. Nf3 Nc6 5. Bc4 Nf6 6. Ng5 {[%emt 0:00:00] B21: Sicilian: 2 f4 and Morra Gambit.} d5 7. exd5 Nxd5 8. Qf3 ({White should try} 8. O-O $16) 8... Be6 $11 9. O-O Qd7 10. Nxe6 fxe6 {[%emt 0:00:00] [#]} 11. Nd2 $146 ({Predecessor:} 11. Bg5 Qf7 12. Qe4 h6 13. Bh4 Qf4 14. Re1 Qxe4 15. Rxe4 Bd6 16. cxd4 Nxd4 17. Nc3 Nxc3 18. bxc3 {½-½ (25) Kazakov,M (2456)-Konovalov,N (2443) Lvov 2006}) 11... Qf7 12. Qg3 Be7 13. Ne4 {[%emt 0:00:00][%mdl 1024] White has compensation.} O-O 14. Bg5 Na5 15. Bd3 ({Much worse is} 15. Bxd5 exd5 16. Bxe7 (16. Qxe5 $2 Nc6 $19) 16... Qxe7 $17) 15... Nf4 16. Rad1 Nxd3 17. Rxd3 Bxg5 18. Qxg5 Qf5 19. Re1 Qxg5 (19... Nc6 {seems wilder.} 20. Qg3 Rad8 21. Rf3 Qh5) 20. Nxg5 Nc4 (20... dxc3 $11 21. Rxc3 Rac8) 21. cxd4 $16 Rfd8 (21... Nxb2 $142 22. Rb3 Nc4) 22. b3 {[%emt 0:03:20] White is more active.} Na5 (22... Nd6 $16 23. Nxe6 (23. dxe5 Nf7 $16) 23... e4) 23. Nxe6 $18 Rd6 24. d5 ({Don't play} 24. Rxe5 Nc6 25. Re4 Rc8) 24... Rc8 25. h4 Rc2 $2 (25... Nc6 26. a3 Re8) 26. Rf3 {[%emt 0:00:14][%csl Ge6][%cal Rf3f8] [#]} h5 (26... Rc8 $18 27. Rxe5 h6) 27. Rf8+ {[%emt 0:00:16] White mates.} Kh7 28. Rxe5 Rxa2 29. Rxh5+ Kg6 30. Nf4# {Weighted Error Value: White=0.11 (very precise) /Black=0.68} 1-0

[Event "GER-ch Youth-ODJM 2022 A"]
[Site "Willingen"]
[Date "2022.06.08"]
[Round "5.15"]
[White "Gerlach, Felix"]
[Black "Brockmeyer, Tobias"]
[Result "1-0"]
[ECO "A14"]
[WhiteElo "2072"]
[BlackElo "1936"]
[Annotator "TA"]
[PlyCount "59"]
[EventDate "2022.06.05"]
[EventType "swiss"]
[EventRounds "9"]
[EventCountry "GER"]
[SourceTitle "playchess.com"]
[Source "ChessBase"]
[SourceQuality "1"]
[TimeControl "40/4500+30:900+30"]

1. c4 Nf6 2. g3 e6 3. Bg2 d5 4. Nf3 Be7 5. O-O O-O 6. b3 b6 7. Bb2 c5 8. e3 Bb7 9. Nc3 Nbd7 10. Qe2 Rc8 11. d3 Qc7 12. Nh4 {[%emt 0:00:00] A14: English Opening: 1...e6 with b3 by White.} Rfd8 13. f4 {[%emt 0:00:00] [#]} Qb8 $146 ({Predecessor:} 13... dxc4 14. bxc4 Bxg2 15. Nxg2 Nb8 16. g4 Nc6 17. g5 Nd7 18. Ne4 Bf8 19. Rf3 Be7 {1-0 (44) Elias Reyes,J (2300)-Cabrera Gonzalez,M (1987) Santa Clara 2018}) 14. g4 {[%emt 0:25:42] White is more active.} (14. Rad1 $14) 14... dxc4 (14... d4 $11 {keeps the balance.} 15. Nd1 Nf8) 15. bxc4 $16 e5 $2 (15... Bxg2 $14 16. Qxg2 Ne8) 16. Bxb7 Qxb7 17. g5 Ne8 18. Nd5 Bd6 (18... Nf8 19. Nf5 (19. Bxe5 Rxd5 20. cxd5 Qxd5 $18) 19... Rxd5) 19. Nf5 $18 Rb8 20. Nxd6 Nxd6 21. fxe5 Ne8 {[%emt 0:01:58] [#]} (21... Nxc4 $142 22. dxc4 Nf8) 22. Rxf7 $3 {[%emt 0:03:31][%mdl 512] Strongly threatening Qf3.} Kxf7 (22... Nf8 23. Rxb7) 23. Qh5+ Kg8 {[%emt 0:10:34] [#]} 24. Ne7+ $1 Kh8 25. Rf1 {[%emt 0:00:56][%cal Ba1f1,Bf1f6,Bf6f8][%mdl 32] White mates.} ({Not} 25. Qf7 Nc7 $18) 25... b5 26. g6 h6 27. e6 Ndf6 {[%emt 0:00:57] [#]} 28. Rxf6 $1 Qxe7 {[%emt 0:00:31] [#]} (28... Qh1+ 29. Kxh1) 29. Qxh6+ $3 {[%emt 0:01:01][%mdl 576] Back Rank} gxh6 (29... Kg8 30. Qh7#) 30. Rf8# $1 {White took control after the opening.  Weighted Error Value: White=0.28 (precise) /Black=0.92} 1-0

[Event "GER-ch Youth-ODJM 2022 A"]
[Site "Willingen"]
[Date "2022.06.08"]
[Round "5.16"]
[White "Gallasch, Robin"]
[Black "Lohr, Maximilian"]
[Result "0-1"]
[ECO "A45"]
[WhiteElo "2063"]
[BlackElo "2080"]
[Annotator "TA"]
[PlyCount "43"]
[EventDate "2022.06.05"]
[EventType "swiss"]
[EventRounds "9"]
[EventCountry "GER"]
[SourceTitle "playchess.com"]
[Source "ChessBase"]
[SourceQuality "1"]
[TimeControl "40/4500+30:900+30"]

1. d4 Nf6 2. Nc3 d5 3. Bf4 e6 4. e3 Be7 5. g4 b6 6. g5 {[%emt 0:08:50] D00: 1 d4 d5: Unusual lines.} Nfd7 {[%emt 0:01:10] [#]} ({Black should try} 6... Ne4 $14) 7. h4 $146 ({Predecessor:} 7. Qh5 Ba6 8. Nb5 Bxb5 9. Bxb5 a6 10. Bd3 g6 11. Qh6 Bf8 12. Qh3 Bg7 13. Nf3 {0-1 (39) Ellenbroek,T (2090)-Van der Weide,K (2450) Enschede 1998}) 7... Bb7 8. Nf3 ({Better is} 8. Nb5 $16 e5 9. dxe5 (9. Bxe5 Nxe5 10. dxe5 Nd7 $14)) 8... a6 $14 9. Bh3 c5 10. Qe2 Nc6 (10... b5 $1 $11) 11. h5 b5 12. O-O-O (12. g6 $5 ) 12... Qa5 (12... b4 $14 13. Na4 Qa5) 13. e4 ({White has to play} 13. g6 $1 $16 f5 14. Kb1) 13... dxe4 (13... b4 $2 14. Nxd5 $1 b3 15. Nc7+ (15. axb3 cxd4 16. Kb1 exd5 $18) 15... Kf8 16. cxb3 (16. Nxa8 $2 bxa2 17. c3 a1=Q+ $19) 16... cxd4 17. Nxd4 Nxd4 18. Rxd4 Bxg5 19. Qd2 (19. Nxa8 Bxf4+ 20. Kb1 Ke7 $16) (19. Bxg5 Qxc7+ 20. Kb1 h6 $18) 19... Qxd2+ 20. Bxd2 Bxd2+ 21. Kxd2 $18) 14. Qxe4 (14. d5 $1 $11 {was the only way to keep the balance.} exf3 15. Qe3) 14... cxd4 (14... Nd8 $17 15. d5 b4) 15. Nxd4 $11 Nd8 $36 {[%emt 0:02:48][%mdl 2048] Black is more active.} 16. Qe3 {[%emt 0:05:14][%cal Od4f5] Threatens to win with Nf5!} Nc5 $2 (16... Bxh1 $15 17. Rxh1 b4) 17. Rhe1 $16 b4 {[%emt 0:01:15] [#]} 18. Nf5 $3 {[%emt 0:03:20][%cal Oe3d4][%mdl 512] Strongly threatening Qd4!} bxc3 {[%emt 0:01:36] [#]} 19. Nxe7 $2 (19. Qd4 $1 $16 exf5 20. Rxe7+ Kxe7 21. Bd6+ Ke8 22. Qxg7 cxb2+ 23. Kb1) 19... cxb2+ $2 (19... Qb4 $1 $15 20. bxc3 Qa3+ 21. Kd2 (21. Kb1 {leads to mate.} Na4 22. Rxd8+ Rxd8 23. Qc1 Nxc3+ 24. Ka1 Qxa2#) 21... Ne4+ 22. Ke2 Qxe7) 20. Kb1 Ne4 {[%emt 0:00:55] [#] And now ...Nc3+ would win.} 21. Be5 {[%emt 0:04:24][%mdl 8192] Inhibits Nc3+.} Qxe5 $19 22. Bf1 {Weighted Error Value: White=0.74/Black=0.50} 0-1

[Event "GER-ch Youth-ODJM 2022 A"]
[Site "Willingen"]
[Date "2022.06.08"]
[Round "5.17"]
[White "Dornieden, Jonas"]
[Black "Kliashtornyi, Arkadii"]
[Result "1-0"]
[ECO "C00"]
[WhiteElo "2069"]
[BlackElo "1755"]
[Annotator "TA"]
[PlyCount "49"]
[EventDate "2022.06.05"]
[EventType "swiss"]
[EventRounds "9"]
[EventCountry "GER"]
[SourceTitle "playchess.com"]
[Source "ChessBase"]
[SourceQuality "1"]
[TimeControl "40/4500+30:900+30"]

1. e4 e6 2. d4 d5 3. Bd3 Nf6 4. e5 Nfd7 5. f4 c5 6. c3 {[%emt 0:00:00] Active counter play! C01: French: Exchange Variation.} Nc6 7. Nf3 Be7 8. O-O {[%emt 0:00:00] White is slightly better.} O-O 9. Be3 {[%emt 0:00:00] [#]} g6 $146 ({Predecessor:} 9... f6 10. Nbd2 b6 11. Qe2 a6 12. Kh1 Bb7 13. Bf2 Qe8 14. Rae1 f5 15. Rg1 c4 {0-1 (42) Neuschmied,S (2268)-Kozissnik,C (2023) Playchess.com INT 2020}) 10. Kh1 cxd4 11. cxd4 Nb6 12. Nbd2 Bd7 13. Ng5 h6 14. Nh3 Kg7 (14... Nb4 $11 15. Be2 Rc8) 15. g4 {[%emt 0:08:39] And now f5 would win.} f5 (15... Nb4 $14 16. Bb1 Nc4) 16. exf6+ $16 Bxf6 {[%emt 0:02:41] [#]} 17. Nf3 (17. g5 $1 $16 {Hoping for Qe2.} Bxd4 18. Bxd4+ Nxd4 19. gxh6+ Kh8 20. Bxg6) 17... Nb4 $2 {[%emt 0:04:05] A mistake that costs the game.} ({Black should play} 17... Nc4 $14 18. Bxc4 dxc4) 18. g5 $18 hxg5 19. fxg5 Be7 20. Bxg6 {[%emt 0:01:27] Ne5 is the strong threat.} ({Not} 20. Ne5 Nc4 21. Rxf8 (21. Nxc4 Nxd3 22. Qxd3 dxc4 $17) (21. Bxg6 Rxf1+ 22. Qxf1 Nxe5 $18) (21. Bxc4 dxc4 22. Rxf8 Qxf8 $16) 21... Bxf8 $18) 20... Kxg6 $2 {[%emt 0:02:03] [#]} (20... Nc4 $18) 21. Ne5+ {[%emt 0:00:57] White mates.} Kg7 22. Qh5 Qe8 23. Qh6+ Kg8 24. g6 Rf6 25. Qh7+ {[%emt 0:00:11] Weighted Error Value: White=0.09 (flawless) /Black=0.58} 1-0

[Event "GER-ch Youth-ODJM 2022 A"]
[Site "Willingen"]
[Date "2022.06.08"]
[Round "5.18"]
[White "Weigand, Anton"]
[Black "Bartelt, Max Peter"]
[Result "1-0"]
[ECO "C00"]
[WhiteElo "1872"]
[BlackElo "1959"]
[Annotator "TA"]
[PlyCount "53"]
[EventDate "2022.06.05"]
[EventType "swiss"]
[EventRounds "9"]
[EventCountry "GER"]
[SourceTitle "playchess.com"]
[Source "ChessBase"]
[SourceQuality "1"]
[TimeControl "40/4500+30:900+30"]

1. e4 e6 2. d4 d5 3. Bd3 Nf6 4. e5 Nfd7 5. f4 c5 6. c3 {[%emt 0:00:00] Active counter play! C01: French: Exchange Variation.} Nc6 7. Nf3 cxd4 8. cxd4 {[%emt 0:00:00] White is slightly better.} Qb6 9. Be2 Bb4+ 10. Nc3 O-O 11. O-O f6 12. Kh1 {[%emt 0:00:00] [#]} g5 $146 (12... Qd8 $16) ({Predecessor:} 12... fxe5 13. fxe5 h6 14. a3 Be7 15. b4 a6 16. Na4 Qd8 17. Be3 b6 18. Rc1 Bb7 {1-0 (36) Onischuk,V (2622)-Altman,J (1926) Chess.com INT 2020}) 13. exf6 ({Don't do} 13. fxg5 $6 fxe5 14. Be3 a6 $14) 13... Nxf6 $2 {[%emt 0:04:07] [#]} (13... g4) 14. fxg5 $18 Ne4 15. Bd3 Nxc3 (15... Bxc3 16. bxc3 Qa5) 16. bxc3 Bxc3 17. Bxh7+ Kxh7 18. Qd3+ Kg7 $2 (18... Rf5 {is a better defense.}) 19. Qxc3 Bd7 20. Ba3 Rf5 21. Nh4 Rxf1+ 22. Rxf1 {[%emt 0:00:21] White mates.} Qxd4 {[%emt 0:02:57] [#]} 23. Qf3 $1 Qxh4 (23... Ne5 24. Qf6+) 24. Qf6+ Kg8 25. Bf8 Qd4 26. Qf7+ Kh8 27. g6 {[%emt 0:00:07] Black did not feel at home in the position after the opening.  Weighted Error Value: White=0.15 (very precise) /Black=0.87} 1-0

[Event "GER-ch Youth-ODJM 2022 A"]
[Site "Willingen"]
[Date "2022.06.08"]
[Round "5.20"]
[White "Hofmann, Lorenz"]
[Black "Fock, Amina"]
[Result "1-0"]
[ECO "B94"]
[WhiteElo "2056"]
[BlackElo "1790"]
[Annotator "TA"]
[PlyCount "53"]
[EventDate "2022.06.05"]
[EventType "swiss"]
[EventRounds "9"]
[EventCountry "GER"]
[SourceTitle "playchess.com"]
[Source "ChessBase"]
[SourceQuality "1"]
[TimeControl "40/4500+30:900+30"]

1. e4 c5 2. Nf3 d6 3. d4 cxd4 4. Nxd4 Nf6 5. Nc3 a6 6. Bg5 Nbd7 7. Bc4 {[%emt 0:00:00] 7.Qe2 is the recent fashion.} e6 8. Qe2 {[%emt 0:00:00] B94: Sicilian Najdorf: 6 Bg5 Nbd7.} Qa5 {[%emt 0:00:49] [#]} (8... h6 $11 9. Bd2 b5) 9. Bxf6 (9. f4 $1 $16) 9... Nxf6 $11 {[%emt 0:01:10] [#]} 10. O-O-O $146 {[%emt 0:00:00] White has an edge.} ({Predecessor:} 10. Bb3 Be7 11. O-O-O O-O 12. f4 Nd7 13. e5 Nc5 14. Kb1 dxe5 15. fxe5 Bd7 16. Bc4 Qc7 17. Rhe1 b5 18. Bd3 {0-1 (44) Garcia Martinez,S (2450)-Martinovic,S (2475) Baku 1980}) 10... Be7 11. Kb1 (11. f4 $14) 11... O-O (11... b5 {is more complex.} 12. Nc6 Qb6 13. Bd5 Bf8) 12. f4 Bd7 (12... b5 $11 {remains equal.} 13. Nc6 Qc7 14. Nxe7+ Qxe7) 13. Bb3 Ne8 14. g4 b5 {[%emt 0:03:33] [#]} ({Black should try} 14... Qc5 $14) 15. f5 $1 $16 {[%emt 0:18:24][%cal Rf5e6] White is more active.} Nc7 {[%emt 0:05:49] Strongly threatening ...b4.} 16. fxe6 fxe6 {[%emt 0:00:45] Threatens to win with ...b4.} 17. Nf5 $1 Bf6 (17... Rae8) 18. Rxd6 $18 b4 19. Nd5 $2 (19. Rxd7 $18 {has better winning chances.} bxc3 20. g5) 19... exd5 $2 {[%emt 0:08:02][%mdl 8192] This costs Black the game.} (19... Nxd5 $16 20. exd5 (20. Rxd7 Nf4 $16) 20... exf5) 20. Rxd7 {[%emt 0:00:41] And now g5 would win.} Rad8 21. Rxd8 Rxd8 22. Rd1 (22. g5 $142 Bxg5 23. Rg1) 22... Kf8 $2 (22... Qb5 23. Qe3 Qe8) 23. Rf1 Nb5 24. e5 Re8 {[%emt 0:00:58] [#]} 25. Nxg7 $1 Kxg7 (25... Nd6 26. Nxe8) 26. exf6+ {[%emt 0:00:50][%mdl 64] Discovered Attack} Kf8 27. Qd2 {[%emt 0:00:21] Weighted Error Value: White=0.64/Black=1.51} 1-0

[Event "GER-ch Youth-ODJM 2022 A"]
[Site "Willingen"]
[Date "2022.06.08"]
[Round "5.21"]
[White "Kamp, Adrian"]
[Black "Pick, Max"]
[Result "0-1"]
[ECO "B01"]
[WhiteElo "1969"]
[BlackElo "1841"]
[Annotator "TA"]
[PlyCount "64"]
[EventDate "2022.06.05"]
[EventType "swiss"]
[EventRounds "9"]
[EventCountry "GER"]
[SourceTitle "playchess.com"]
[Source "ChessBase"]
[SourceQuality "1"]
[TimeControl "40/4500+30:900+30"]

1. e4 d5 2. exd5 Nf6 3. d4 Nxd5 4. c4 Nb6 5. Nf3 Bg4 6. c5 Nd5 7. Qb3 $1 Nc6 {[%emt 0:26:04] B01: Scandinavian Defence.} 8. Qxb7 Ndb4 9. Bb5 Bd7 {[%emt 0:05:44][%cal Bg4d7,Bd7f5,Bf5d3][%mdl 32] White is clearly better.} 10. d5 $1 Rb8 $2 (10... Nc2+ $16 11. Kd1 N6b4) 11. dxc6 $18 {[%emt 0:02:22] [#]} Bf5 $146 {[%emt 0:00:52] [#]} ({Predecessor:} 11... Nc2+ 12. Kd1 Bf5+ 13. Ke2 e5 14. Rd1 Qc8 15. Nc3 Nxa1 16. Nd5 Bxc5 17. Nxc7+ Kf8 18. Qxc8+ Rxc8 19. Nxe5 {1-0 (30) Priasmoro,N (2457)-Cuhendi,S (2422) Yogyakarta 2019}) 12. Nd4 $2 Bd3 $16 {[%emt 0:06:25] White must now prevent ...e5.} 13. Ba4 $2 {[%emt 0:21:48][%mdl 8192] [#]} e5 (13... Ba6 $1 $19 {has better winning chances.} 14. Ne2 (14. Qxa7 $2 Ra8 $19) 14... Bxb7 15. cxb7+ c6) 14. Nf3 $2 Bxc5 $19 {[%emt 0:05:49] ...0-0 is the strong threat.} ({Stronger than} 14... Rxb7 15. cxb7+ c6 16. Nxe5 Bxc5 17. Nxc6 Nxc6 18. Bxc6+ Ke7 19. Nc3 $15) 15. Be3 (15. a3 $142 Nc2+ 16. Bxc2 Bxc2 17. O-O Rxb7 18. cxb7) 15... Bxe3 16. fxe3 Rxb7 (16... Ba6 $142 17. Qxa7 Ra8 18. Qxa8 Qxa8) 17. cxb7+ c6 {[%emt 0:00:14] Threatens to win with ...Ba6.} 18. Nxe5 $2 (18. a3 Nc2+ 19. Bxc2 Bxc2 20. O-O) 18... O-O 19. Nd2 Qg5 20. Nxd3 Qxe3+ 21. Kd1 Nxd3 22. Kc2 Nb4+ 23. Kc1 Rd8 24. Rd1 Qc5+ 25. Kb1 Qf5+ 26. Kc1 Nd3+ 27. Kb1 Nb4+ $40 {[%emt 0:05:49][%mdl 128] White needs to defend precisely.} 28. Kc1 Rb8 29. Nf3 Nd3+ 30. Kb1 Rxb7 31. Bb3 {[%emt 0:00:36] [#]} Rxb3 $1 32. axb3 (32. Kc2 Rxb2+) 32... Nb4+ {[%emt 0:00:07] Weighted Error Value: White=1.95/Black=0.37} 0-1

[Event "GER-ch Youth-ODJM 2022 A"]
[Site "Willingen"]
[Date "2022.06.08"]
[Round "5.22"]
[White "Paeslack, Luis"]
[Black "Schwartz, Oliver"]
[Result "1/2-1/2"]
[ECO "D38"]
[WhiteElo "1889"]
[BlackElo "1753"]
[Annotator "NA RC COMBH"]
[PlyCount "41"]
[EventDate "2022.06.05"]
[EventType "swiss"]
[EventRounds "9"]
[EventCountry "GER"]
[SourceTitle "playchess.com"]
[Source "ChessBase"]
[SourceQuality "1"]
[TimeControl "40/4500+30:900+30"]

1. d4 Nf6 2. c4 e6 3. Nf3 d5 4. Nc3 Bb4 5. Qa4+ Nc6 6. e3 O-O 7. Qc2 b6 8. cxd5 exd5 9. Bd3 Re8 10. O-O Bb7 11. Bd2 Bf8 12. a3 Ne7 13. Ne5 Ng6 14. f4 c5 15. Rae1 Rc8 16. Bf5 Ra8 17. Kh1 Ne7 $11 18. g4 Nxf5 19. Qxf5 Qc8 20. Qxc8 Raxc8 21. Rc1 1/2-1/2

[Event "GER-ch Youth-ODJM 2022 A"]
[Site "Willingen"]
[Date "2022.06.08"]
[Round "6.1"]
[White "Stelmaszyk, Nico"]
[Black "Wensing, Maximilian"]
[Result "1/2-1/2"]
[ECO "B22"]
[WhiteElo "2302"]
[BlackElo "2063"]
[Annotator "TA"]
[PlyCount "102"]
[EventDate "2022.06.05"]
[EventType "swiss"]
[EventRounds "9"]
[EventCountry "GER"]
[SourceTitle "playchess.com"]
[Source "ChessBase"]
[SourceQuality "1"]
[TimeControl "40/4500+30:900+30"]

1. e4 c5 2. c3 Nf6 3. e5 Nd5 4. Bc4 Nb6 5. Bb3 Nc6 6. d4 cxd4 7. cxd4 d5 8. Bc2 $1 {[%emt 0:00:00][%mdl 4] outshines the older 8.Nc3. B22: Sicilian: 2 c3.} Nb4 9. Nc3 Nxc2+ (9... Bg4 {with more complications.} 10. Nge2 e6 11. Bb1 Bh5) 10. Qxc2 {[%emt 0:00:00] [#] The position is equal.} a6 $146 ({Predecessor:} 10... Bd7 11. Nge2 e6 12. Qd3 Rc8 13. O-O Qh4 14. a4 a6 15. b3 Be7 16. Ba3 Bxa3 17. Rxa3 {1-0 (41) Mamedyarov,S (2767)-Vitiugov,N (2726) Chess.com INT 2022}) 11. f4 g6 12. h3 h5 13. Nf3 Bf5 14. Qe2 e6 15. O-O Rc8 16. Be3 Be7 17. Ng5 h4 18. Rac1 Kf8 19. Nf3 Kg7 20. Bf2 Qd7 21. b3 Rc6 22. Qe3 Qc7 {[%emt 0:04:10] Hoping for ...Ba3.} 23. Ne2 Nd7 24. Rxc6 Qxc6 25. Rc1 Qb6 26. Nc3 Ba3 27. Rf1 Qd8 28. Na4 Be7 29. Rc1 Ba3 30. Rf1 Be7 31. Qc3 Be4 32. Nd2 Bf5 33. Nf3 Be4 34. Nd2 Bf5 $1 35. Nc5 Nxc5 36. dxc5 Qd7 37. Nf3 Be4 38. Nd4 Rc8 39. b4 Qa4 40. Qb3 Qxb3 41. Nxb3 g5 42. Be3 gxf4 (42... Bd3 $5 43. Rf3 gxf4 $15) 43. Rxf4 f5 44. Na5 {[%emt 0:00:00] [#]} (44. exf6+ $11 Bxf6 45. Na5) 44... d4 $1 $17 45. Bxd4 {[%emt 0:00:00][%cal Of4e4] [#]} Rd8 $1 46. Be3 Rd3 {[%emt 0:00:00][%mdl 1024] Black has strong compensation.} 47. Kf2 Bd5 (47... Ra3 $17 48. Rxe4 Rxa2+ 49. Ke1 fxe4 50. Nxb7 Rc2) 48. Rd4 $15 Ra3 49. Rd2 (49. Nxb7 $11 Rxa2+ 50. Ke1) 49... Ra4 (49... Kg6 $17) 50. Rb2 (50. a3 $1 $11 {remains equal.} f4 51. Bxf4) 50... Bd8 {[%emt 0:00:00] And now ...Bc7 would win.} 51. Bd2 Bxa5 {[%emt 0:00:00] Weighted Error Value: White=0.17 (very precise) /Black=0.10 (very precise)} 1/2-1/2